 Dungeon Crawl Stone Soup version 0.29-a0-352-g0917bc69df (webtiles) character file.

Game seed: 13182261117954571266

22155 Dauddaud the Severer (level 12, -12/93 HPs)
             Began as a Minotaur Berserker on Apr 24, 2022.
             Was an Elder of Trog.
             Killed from afar by a deep elf pyromancer (25 damage)
             ... with a bolt of fire
             ... on level 13 of the Dungeon.
             The game lasted 00:24:18 (18668 turns).

Dauddaud the Severer (Minotaur Berserker)          Turns: 18668, Time: 00:24:18

Health: -12/93     AC: 14    Str: 33    XL:     12   Next: 60%
Magic:  0/20       EV:  8    Int:  4    God:    Trog [****..]
Gold:   1179       SH:  0    Dex: 10    Spells: 11/11 levels left

rFire   . . .      SeeInvis .   X - +3 battleaxe
rCold   . . .      Faith    .   (shield currently unavailable)
rNeg    . . .      Spirit   +   T - +0 plate armour
rPois   .          Reflect  .   (helmet restricted)
rElec   .          Harm     .   t - +0 cloak
rCorr   .          Rampage  .   z - +0 pair of gloves
Will    .....                   (no boots)
Stlth   ..........              c - amulet of guardian spirit
HPRegen 0.25/turn               r - +6 ring of strength
MPRegen 0.17/turn               J - ring of magical power

@: no status effects
A: horns 2, retaliatory headbutt
a: Renounce Religion, Berserk, Trog's Hand, Brothers in Arms


You were on level 13 of the Dungeon.
You worshipped Trog.
Trog was greatly pleased with you.
You visited 2 branches of the dungeon, and saw 14 of its levels.

You collected 1464 gold pieces.
You spent 285 gold pieces at shops.

Inventory:

Hand Weapons
 X - a +3 battleaxe (weapon)
Missiles
 E - 2 throwing nets (quivered)
Armour
 t - a +0 cloak (worn)
 z - a +0 pair of gloves (worn)
 C - a +4 ring mail
 T - a +0 plate armour (worn)
Jewellery
 c - an amulet of guardian spirit (around neck)
 f - an amulet of regeneration
 r - a +6 ring of strength (left hand)
 A - a ring of flight
 J - a ring of magical power (right hand)
 M - a ring of fire
 Y - a ring of poison resistance
 Z - a ring of positive energy
Wands
 u - a wand of polymorph (8)
 D - a wand of mindburst (34)
 L - a wand of iceblast (13)
 Q - a wand of acid (11)
 U - a wand of paralysis (14)
 W - a wand of digging (9)
Scrolls
 i - 9 scrolls of teleportation
 n - 3 scrolls of magic mapping
 o - 8 scrolls of identify
 p - a scroll of silence
 y - 5 scrolls of enchant armour
 F - 2 scrolls of holy word
 G - 2 scrolls of enchant weapon
 K - a scroll of fog
 P - 3 scrolls of blinking
 V - 2 scrolls of vulnerability
Potions
 a - a potion of cancellation {unknown}
 b - a potion of ambrosia {unknown}
 d - a potion of flight {unknown}
 e - 3 potions of magic {unknown}
 h - 4 potions of berserk rage {unknown}
 j - 3 potions of degeneration {unknown}
 k - 6 potions of brilliance {unknown}
 l - a potion of invisibility {unknown}
 q - 3 potions of heal wounds {unknown}
 s - 3 potions of might {unknown}
 v - 3 potions of attraction
 w - a potion of lignification
 x - 5 potions of curing {unknown}
 H - a potion of mutation {unknown}
 S - 2 potions of resistance {unknown}


   Skills:
 * Level 4.8 Fighting
 - Level 20.0 Axes
 * Level 3.9 Armour
 + Level 3.0 Dodging
 - Level 11.1 Evocations


You had 11 spell levels left.
You didn't know any spells.
Your spell library was empty.

Dungeon Overview and Level Annotations

Branches:
Dungeon (13/15)            Temple (1/1) D:7            Lair (0/6) D:9
    Orc (0/2) D:11
 Vaults: D:13-14

Altars:
Ashenzari
Cheibriados
Elyvilon
Gozag
Hepliaklqana
Kikubaaqudgha
Makhleb
Nemelex Xobeh
Sif Muna
Zin

Shops:
D:7 *   D:10 :

Annotations:
D:8 1 runed translucent door, dlvbn's ghost, novice SpEn


Innate Abilities, Weirdness & Mutations

You have a pair of horns on your head.
You reflexively headbutt those who attack you in melee.


Message History

The fire elemental hits you. The fire elemental burns you!
The deep elf pyromancer casts a spell.
The fire elemental hits you. The fire elemental burns you!
You hit the fire elemental.
Your headbutt misses the fire elemental.
The fire elemental is lightly damaged.
You slash the deep elf pyromancer! You barely miss the fire elemental.
You slash the fire elemental!
The fire elemental disappears in a puff of smoke!
The deep elf pyromancer hits you with a +1 long sword of holy wrath.
You slash the fire elemental!
The fire elemental is heavily damaged.
You barely miss the fire elemental.
You barely miss the deep elf pyromancer.
You barely miss the fire elemental. The fire elemental hits you.
The fire elemental burns you! The fire elemental hits you.
The fire elemental burns you! The fire elemental closely misses you.
You slice the deep elf pyromancer!! You headbutt the deep elf pyromancer.
The deep elf pyromancer is almost dead.
You hit the fire elemental. You barely miss the fire elemental.
You slice the fire elemental!! The fire elemental hits you.
The fire elemental burns you! The fire elemental barely misses you.
The deep elf pyromancer points at you and mumbles some strange words.
The bolt of fire hits you!!
* * * LOW HITPOINT WARNING * * *
The bolt of fire hits the fire elemental.
The fire elemental completely resists.
The fire elemental hits you. The fire elemental burns you!
* * * LOW HITPOINT WARNING * * *
You barely miss the deep elf pyromancer.
The deep elf pyromancer is almost dead.
You barely miss the fire elemental. You slash the fire elemental!
You destroy the fire elemental!
The fire elemental disappears in a puff of smoke!
You slash the fire elemental! The fire elemental hits you.
The fire elemental burns you!
* * * LOW HITPOINT WARNING * * *
The deep elf pyromancer gestures at you while chanting.
The bolt of fire hits you!!
You die...

#. #. ####.####### ######
........... ......
.......... ...... .....°.
...... #.Ee# ###### #..@#
#.§E####### #######
#####.......... .......
............... .......
......[..###### #######
#######..# #..#
###########..###############
............................


You could see a deep elf pyromancer and 2 fire elementals.

Vanquished Creatures
  A centaur warrior (D:13)
  5 two-headed ogres
  3 death yaks (D:8)
  Urug (D:11)
  A spectral wolf spider (D:13)
  An ugly thing (D:13)
  A manticore (D:7)
  4 slime creatures (D:12)
  3 cyclopes
  Maurice (D:11)
  Maggie (D:6)
  2 centaur zombies (D:13)
  2 centaur skeletons (D:13)
  2 komodo dragons (D:12)
  A hornet (D:8)
  4 trolls
  Prince Ribbit (D:5)
  5 wraiths
  2 shadows
  8 yaks
  A vampire (D:13)
  A basilisk (D:12)
  2 vampire mosquitoes (D:13)
  A steam dragon (D:9)
  A two-headed ogre zombie (D:11)
  3 acid dragons
  A water moccasin (D:6)
  3 orc warriors
  2 black bears (D:6)
  3 ice beasts
  A sky beast (D:8)
  3 ogres
  8 centaurs
  4 phantoms
  3 kobold brigands
  3 bullfrogs
  5 scorpions
  Blork the orc (D:4)
  A necrophage (D:5)
  2 gnoll sergeants
  10 wights (D:10)
  5 killer bees (D:10)
  A troll zombie (D:11)
  2 howler monkeys (D:11)
  11 orc priests
  Crazy Yiuf (D:3)
  2 jellies
  2 hounds
  7 iguanas
  Ijyb (D:5)
  2 hell rats (D:9)
  12 orc wizards
  4 ogre zombies (D:11)
  A mummy (D:8)
  8 adders
  9 gnolls
  A shadow imp (D:7)
  A white imp (D:6)
  An ufetubus (D:4)
  35 orcs
  5 endoplasms
  4 giant cockroaches
  10 goblins
  10 hobgoblins
  10 jackals
  4 quokkas
  6 ball pythons
  4 bats
  8 frilled lizards
  A goblin skeleton (D:11)
  4 goblin zombies (D:11)
  2 hobgoblin zombies (D:11)
  28 kobolds
  3 orc skeletons (D:11)
  11 orc zombies (D:11)
  3 rats
327 creatures vanquished.

Vanquished Creatures (collateral kills)
  A cyclops (D:10)
  A shadow (D:11)
  A wraith (D:10)
  An orc warrior (D:10)
  A centaur (D:11)
  2 kobold brigands (D:10)
  A troll zombie (D:11)
  A howler monkey (D:11)
  An orc wizard (D:10)
  An ogre zombie (D:11)
  3 orcs (D:10)
  A goblin skeleton (D:11)
  A hobgoblin skeleton (D:11)
  7 kobolds (D:10)
  An orc skeleton (D:11)
  An orc zombie (D:11)
25 creatures vanquished.

Vanquished Creatures (others)
  A butterfly (D:8)
  3 fungi (D:8)
  7 plants
11 creatures vanquished.

Grand Total: 363 creatures vanquished

Notes
Turn   | Place    | Note
-------+----------+-------------------------------------------
     0 | D:1      | Dauddaud the Minotaur Berserker began the quest for the
                  | Orb.
     0 | D:1      | Reached XP level 1. HP: 19/19 MP: 0/0
   227 | D:1      | Reached skill level 4 in Axes
   434 | D:1      | Found a faded altar of an unknown god.
   582 | D:1      | Reached XP level 2. HP: 26/26 MP: 1/1
   862 | D:1      | Reached ** piety under Trog
  1040 | D:1      | Reached skill level 5 in Axes
  1303 | D:2      | Reached XP level 3. HP: 31/31 MP: 2/2
  2255 | D:2      | Reached skill level 6 in Axes
  2255 | D:2      | Reached XP level 4. HP: 39/39 MP: 3/3
  2596 | D:3      | Reached skill level 7 in Axes
  2596 | D:3      | Reached XP level 5. HP: 28/45 MP: 1/4
  2761 | D:3      | Reached *** piety under Trog
  3007 | D:3      | Found a runed translucent door.
  3008 | D:3      | Noticed Crazy Yiuf
  3398 | D:3      | Killed Crazy Yiuf
  3534 | D:4      | Noticed Blork the orc
  3546 | D:4      | Killed Blork the orc
  3547 | D:4      | Reached skill level 8 in Axes
  3547 | D:4      | Reached XP level 6. HP: 25/51 MP: 2/5
  4496 | D:5      | Entered Level 5 of the Dungeon
  4560 | D:5      | Reached skill level 9 in Axes
  4637 | D:5      | Reached skill level 1 in Evocations
  4661 | D:5      | Reached XP level 7. HP: 42/57 MP: 6/6
  4887 | D:5      | Noticed Prince Ribbit
  4893 | D:5      | Killed Prince Ribbit
  4894 | D:5      | Reached skill level 10 in Axes
  5021 | D:5      | Noticed Ijyb
  5029 | D:5      | Killed Ijyb
  5076 | D:5      | Reached XP level 8. HP: 64/64 MP: 7/7
  5099 | D:5      | Reached **** piety under Trog
  5118 | D:5      | Reached skill level 11 in Axes
  5769 | D:6      | Noticed a blizzard demon
  5770 | D:6      | Found a burning altar of Makhleb.
  5781 | D:6      | Reached skill level 12 in Axes
  5857 | D:6      | Noticed Maggie
  5872 | D:6      | Killed Maggie
  6075 | D:6      | Reached XP level 9. HP: 70/70 MP: 8/8
  6082 | D:6      | Reached skill level 5 in Evocations
  6122 | D:6      | Reached skill level 13 in Axes
  6607 | D:6      | Found a glowing silver altar of Zin.
  6607 | D:6      | Noticed an angel
  6892 | D:7      | Noticed a manticore
  6906 | D:7      | Killed a manticore
  6907 | D:7      | Reached skill level 14 in Axes
  7637 | D:7      | Found a staircase to the Ecumenical Temple.
  7779 | D:7      | Found Duddouts's Assorted Antiques.
  7787 | D:7      | Bought a glowing battleaxe for 285 gold pieces
  8264 | Temple   | Entered the Ecumenical Temple
  8686 | D:8      | Reached XP level 10. HP: 62/77 MP: 9/9
  8687 | D:8      | Reached skill level 15 in Axes
  9262 | D:8      | Found a white marble altar of Elyvilon.
  9335 | D:8      | Found a snail-covered altar of Cheibriados.
  9436 | D:8      | Found a runed translucent door.
  9438 | D:8      | Noticed dlvbn's ghost (novice SpEn)
  9439 | D:8      | Identified the +8 trident of Diovis {flame, rC+ Str+2 Int+3
                  | Stlth-}
  9665 | D:9      | Found a staircase to the Lair.
  9666 | D:9      | Noticed a death yak
  9666 | D:9      | Noticed a death yak
  9668 | D:9      | Noticed a death yak
  9682 | D:8      | Killed a death yak
  9771 | D:8      | Killed a death yak
  9774 | D:8      | Killed a death yak
  9775 | D:8      | Reached skill level 16 in Axes
 12333 | D:10     | Entered Level 10 of the Dungeon
 12360 | D:10     | Noticed a two-headed ogre
 12367 | D:10     | Killed a two-headed ogre
 12368 | D:10     | Reached skill level 17 in Axes
 12682 | D:10     | Found an ancient bone altar of Kikubaaqudgha.
 12742 | D:10     | Reached XP level 11. HP: 49/82 MP: 10/10
 13245 | D:10     | Found an opulent altar of Gozag.
 13388 | D:10     | Found Pischy Ucade's Book Boutique.
 14158 | D:11     | Noticed a two-headed ogre
 14194 | D:11     | Killed a two-headed ogre
 14195 | D:11     | Reached skill level 18 in Axes
 14669 | D:11     | Found a staircase to the Orcish Mines.
 14701 | D:11     | Killed Maurice
 14741 | D:11     | Noticed Urug
 14743 | D:11     | Killed Urug
 14765 | D:11     | Noticed a two-headed ogre
 14773 | D:11     | Killed a two-headed ogre
 15267 | D:11     | Reached skill level 19 in Axes
 16307 | D:12     | Identified a scroll of acquirement
 16308 | D:12     | Acquired 774 gold pieces
 16545 | D:12     | Reached XP level 12. HP: 67/90 MP: 11/11
 16654 | D:12     | Noticed a two-headed ogre
 16661 | D:12     | Killed a two-headed ogre
 16681 | D:12     | Reached skill level 10 in Evocations
 16907 | D:12     | Noticed a two-headed ogre
 16939 | D:12     | Killed a two-headed ogre
 17361 | D:12     | Reached ***** piety under Trog
 17375 | D:12     | Reached skill level 20 in Axes
 18497 | D:13     | Noticed a centaur warrior
 18502 | D:13     | Killed a centaur warrior
 18668 | D:13     | Killed from afar by a deep elf pyromancer

Illustrated notes

Levels and vault maps discovered:
D:1:      dpeg_arrival_three_bigger_balls, layout_basic,
          ebering_ecumenical_altar_sacrificial, minmay_tromino_v4_c
D:2:      layout_basic
D:3:      layout_basic, uniq_crazy_yiuf_cottage
D:4:      layout_loops_ring, uniq_blork_the_orc
D:5:      layout_basic, uniq_ijyb, uniq_prince_ribbit1
D:6:      layout_cave_pools, grunt_temple_overflow_order_and_chaos_2,
          minivault_4, uniq_maggie
D:7:      layout_basic, minmay_temple_entry_sparse_star, serial_shops, shop
D:8:      layout_rooms, nicolae_elyvilon_peaceful_grove, slow_altar_1,
          ebering_ghost_funeral_grove
D:9:      layout_cave_pools, dpeg_lair_monsters
D:10:     layout_roguey, mainiacjoe_overflow_surrounded_room,
          grunt_gozag_statues, serial_shops, nicolae_shop_advertising_works
          [nicolae_subvault_shop_adworks], grunt_potential
D:11:     layout_cave_pools, zombieorc2_lemuel, uniq_urug, uniq_maurice
D:12:     layout_long_grid, minmay_lizard_king
D:13:     layout_long_grid, hangedman_weighted_door
Temple:   eino_temple_rhombus

Skill      XL: |  1  2  3  4  5  6  7  8  9 10 11 12 |
---------------+-------------------------------------+-----
Axes           | 4 5 6 7 8 9 10 12 14 17 19 20 | 20.0
Evocations     | 1 3 4 6 8 9 11 | 11.1
Fighting       | 4 |  4.8
Armour         | 3 |  3.9
Dodging        | 3 |  3.0

Action                   |  1- 3 |  4- 6 |  7- 9 | 10-12 || total
-------------------------+-------+-------+-------+-------++-------
Melee: Hand axe          |    92 |   141 |    97 |       ||   330
       Headbutt          |     9 |    17 |    33 |    61 ||   120
       Punch             |       |     1 |       |       ||     1
       Broad axe         |       |       |    68 |       ||    68
       Battleaxe         |       |       |    32 |   313 ||   345
Throw: Throwing net      |       |       |       |     1 ||     1
Invok: Trog's Hand       |       |     1 |       |     5 ||     6
       Berserk           |       |       |     3 |    11 ||    14
       Brothers in Arms  |       |       |       |     4 ||     4
Evoke: Wand              |       |       |       |     4 ||     4
  Use: Scroll            |       |     3 |     7 |     4 ||    14
 Stab: Sleeping          |     1 |       |       |       ||     1
Armor: Animal skin       |     4 |       |       |       ||     4
       Ring mail         |    12 |    33 |    52 |       ||    97
       Plate armour      |       |       |    20 |   225 ||   245
Dodge: Dodged            |    57 |    65 |   100 |   135 ||   357

Table legend: (Time is in decaauts)
 A = Elapsed time spent in this place.
 B = Non-inter-level travel time spent in this place.
 C = Inter-level travel time spent in this place.
 D = Time resting spent in this place.
 E = Time spent auto-exploring this place.
 F = Levels seen in this place.
 G = Mean time per level.
                   A        B        C        D        E       F      G
               +--------+--------+--------+--------+--------+-----+--------+
         Total |  18756 |  18302 |    454 |   8536 |   7956 |  14 | 1339.7 |
       Dungeon |  18755 |  18301 |    454 |   8536 |   7956 |  13 | 1442.7 |
        Temple |      1 |      1 |      0 |      0 |      0 |   1 |    1.0 |
               +--------+--------+--------+--------+--------+-----+--------+

Top non-repeatable levels by time:
     D:8: 2964 daAuts
    D:12: 2677 daAuts
    D:10: 1855 daAuts
     D:7: 1506 daAuts
     D:1: 1297 daAuts
    D:11: 1293 daAuts
     D:3: 1211 daAuts
     D:6: 1144 daAuts
     D:9: 1136 daAuts
     D:5: 1129 daAuts
     D:2: 1002 daAuts
     D:4: 980 daAuts
    D:13: 556 daAuts
  Temple: 1 daAuts
